 Dungeon Crawl Stone Soup version 0.22.0-49-gab54619 (webtiles) character file.

9884 Lew the Spear-Bearer (level 11, -3/89 HPs)
             Began as a Minotaur Fighter on Sept 6, 2018.
             Was a High Priest of Okawaru.
             Slain by a spatial vortex (10 damage)
             ... summoned by a spatial maelstrom
             ... on level 2 of the Abyss.
             The game lasted 00:21:56 (10026 turns).

Lew the Spear-Bearer (Minotaur Fighter)            Turns: 10026, Time: 00:21:56

Health: -3/89      AC:  9    Str: 22    XL:     11   Next: 28%
Magic:  10/10      EV: 17    Int:  5    God:    Okawaru [*****.]
Gold:   551        SH: 13    Dex: 22    Spells: 10/10 levels left

rFire    + . .     SeeInvis .   J - +10 morningstar "Hebop" {elec, rN+ Str-4 Dex+6 Stlth+}
rCold    . . .     Gourm    .   c - +0 shield
rNeg     + . .     Faith    .   C - +0 scale mail {rF+}
rPois    .         Spirit   .   x - +2 hat
rElec    .         Reflect  .   F - scarf {repulsion}
rCorr    .         Harm     +   (no gloves)
MR       .....     Rnd*Rage +   (no boots)
Stlth    ++........             g - amulet of harm
HPRegen  0.24/turn              i - +3 ring of dexterity
MPRegen  0.12/turn              m - +3 ring of strength

@: repel missiles
A: retaliatory headbutt, horns 2, yellow scales 1, berserk 1, deformed body,
frail 1, strong 1, evolution 1
a: Heroism, Finesse, Renounce Religion


You were on level 2 of the Abyss.
You worshipped Okawaru.
Okawaru was extremely pleased with you.
You were hungry.

You visited 2 branches of the dungeon, and saw 12 of its levels.
You visited the Abyss 1 time.
You also visited: Ossuary.

You collected 708 gold pieces.
You spent 157 gold pieces at shops.

Inventory:

Hand Weapons
 a - a +2 trident of venom
 J - the +10 morningstar "Hebop" (weapon) {elec, rN+ Str-4 Dex+6 Stlth+}
   (Okawaru gifted it to you on level 10 of the Dungeon)

   Occasionally, upon striking a foe, it will discharge some electrical energy
   and cause terrible harm.
   It affects your strength (-4).
   It affects your dexterity (+6).
   It protects you from negative energy.
   It makes you more stealthy.
 L - a +5 trident of freezing
Armour
 c - a +0 shield (worn)
 j - a cursed +0 chain mail
 x - a +2 hat (worn)
 C - a +0 scale mail of fire resistance (worn)
 F - a scarf of repulsion (worn)
 I - the +5 chain mail "Bota" {rPois rN+++ Int-5 Slay-4}
   (You found it on level 10 of the Dungeon)

   It affects your intelligence (-5).
   It affects your accuracy and damage with ranged weapons and melee attacks
   (-4).
   It protects you from poison.
   It renders you almost immune to negative energy.
Jewellery
 g - an amulet of harm (around neck)
 i - a +3 ring of dexterity (left hand)
 m - a +3 ring of strength (right hand)
 u - a +2 ring of dexterity
 w - an uncursed ring of protection from fire
Wands
 k - a wand of flame (19)
 n - a wand of paralysis (17)
 t - a wand of acid (8)
 D - a wand of enslavement (10)
 E - a wand of random effects (23)
Scrolls
 b - 4 scrolls of remove curse
 h - 7 scrolls of teleportation
 q - 3 scrolls of fog
 r - 3 scrolls of magic mapping
 y - a scroll of enchant armour
 B - a scroll of blinking
 H - a scroll of fear
Potions
 d - 3 potions of might
 e - 2 potions of haste
 p - 2 potions of curing
 s - 4 potions of magic
 v - 3 potions of brilliance
 z - 2 potions of resistance
 G - a potion of flight
Comestibles
 f - 23 rations


   Skills:
 - Level 10.0 Fighting
 + Level 0.0 Maces & Flails
 - Level 10.1 Polearms
 - Level 10.0 Armour
 + Level 9.2 Dodging
 - Level 10.0 Shields


You had 10 spell levels left.
You didn't know any spells.
Your spell library contained the following spells:

 Spells                   Type           Power        Failure   Level  Hunger
 Animate Skeleton         Necr           N/A          92%         1    ##.....
 Apportation              Tloc           #.....       92%         1    ##.....
 Confusing Touch          Hex            #.....       92%         1    ##.....
 Corona                   Hex            #......      92%         1    ##.....
 Pain                     Necr           #...         92%         1    ##.....
 Summon Small Mammal      Summ           #...         92%         1    ##.....
 Ensorcelled Hibernation  Hex/Ice        #.....       98%         2    ###....
 Confuse                  Hex            #.......     100%        3    ####...
 Dazzling Spray           Conj/Hex       #.....       100%        3    ####...
 Regeneration             Chrm/Necr      #.........   100%        3    ####...
 Tukima's Dance           Hex            #.......     100%        3    ####...
 Vampiric Draining        Necr           #.........   100%        3    ####...
 Animate Dead             Necr           N/A          100%        4    #####..


Dungeon Overview and Level Annotations

Branches:
Dungeon (11/15)            Temple (1/1) D:4             Orc (0/2) D:11
   Lair: D:8-11

Altars:
Ashenzari
Cheibriados
Dithmenos
Elyvilon
Fedhas
Gozag
Hepliaklqana
Kikubaaqudgha
Makhleb
Nemelex Xobeh
Okawaru
Qazlal
Ru
Sif Muna
Trog
Uskayaw
Vehumet
Wu Jian
Xom
Yredelemnul
Zin
The Shining One
Beogh

Shops:
D:4 =   D:6 !

Annotations:
D:11 Sonja


Innate Abilities, Weirdness & Mutations

You reflexively headbutt those who attack you in melee.
You have a pair of horns on your head.
You are partially covered in yellow scales. (AC +2)
You tend to lose your temper in combat.
Armour fits poorly on your strangely shaped body.
You are frail. (-10% HP)
Your muscles are strong. (Str +2)
You evolve.


Message History

The orange demon moves out of view.
A spatial vortex comes into view.
The spatial vortex moves out of view.
A spatial vortex comes into view.
A spatial vortex comes into view.
You block the spatial maelstrom's attack. x2
You see here a runed chain mail.
j - a runed chain mail The spatial maelstrom misses you.
You furiously retaliate!
You headbutt the spatial maelstrom.
The spatial maelstrom barely misses you.
The orange demon closely misses you. The orange demon stings you from afar.
The spatial maelstrom hits you!
* * * LOW HITPOINT WARNING * * *
Space warps horribly around you!
* * * LOW HITPOINT WARNING * * *
You block the spatial maelstrom's attack.
A spatial vortex comes into view.
The spatial vortex hits you!
You die...

.. . .#.#### #.. . #
#.#.#...... #
#.#.#.#...#.#..####
#.#.#.#.#..#.#... . #
........#.#.... ###. #
#................. ...
#....v......#.......
.## #....4#@#####...#
###...
#....(..vv#.....##
####.
........v.#........###
. #............#. ....
. . ##........##.#.##
# ###
....###.....#...# .
##.# #.#..#.(v. # #.
#.≈≈.##v#... . #
###..≈.≈#. ..#


You could see a spatial maelstrom and 4 spatial vortices.

Vanquished Creatures
  2 unseen horrors
  An ugly thing (D:11)
  A cyclops (D:11)
  A smoke demon (Abyss:2)
  A komodo dragon (D:11)
  Grinder (D:4)
  3 hippogriffs
  Sigmund (D:4)
  2 wraiths
  A wyvern (D:10)
  2 hungry ghosts
  Duvessa (D:4)
  2 ice beasts
  6 orc warriors
  2 phantoms (D:11)
  A black bear (D:9)
  5 ogres
  2 necrophages
  The ghost of HEYYEYAAE the Poker, an amateur DgGl (D:3)
  7 centaurs
  2 crocodiles
  5 big kobolds
  An elf zombie (Ossuary)
  5 bullfrogs
  A wyvern zombie (D:11)
  Dowan (D:4)
  5 scorpions
  3 killer bees (D:9)
  4 wights (D:11)
  3 howler monkeys (D:9)
  2 crimson imps
  A quasit (D:11)
  4 bullfrog zombies
  4 centaur zombies
  4 hounds
  A jelly (D:5)
  A centaur skeleton (D:8)
  6 orc priests
  A bullfrog skeleton (D:10)
  2 iguanas
  Natasha (thrice) (D:4)
  10 orc wizards
  8 worker ants
  A hound zombie (D:11)
  4 mummies
  Robin (D:2)
  9 adders
  4 gnolls (D:5)
  2 shadow imps
  An ooze (D:1)
  2 worms
  4 leopard geckos
  48 orcs
  3 bats
  6 giant cockroaches
  A gnoll zombie (Ossuary)
  12 goblins
  12 hobgoblins
  22 kobolds
  5 quokkas
  6 frilled lizards
  2 goblin zombies (Ossuary)
  A hobgoblin zombie (Ossuary)
  A jackal zombie (D:5)
  4 kobold zombies (Ossuary)
  3 rats
274 creatures vanquished.

Vanquished Creatures (collateral kills)
  A kobold (D:11)
1 creature vanquished.

Vanquished Creatures (others)
  A hippogriff (D:11)
  21 plants (D:11)
22 creatures vanquished.

Grand Total: 297 creatures vanquished

Notes
Turn   | Place    | Note
-------+----------+-------------------------------------------
     0 | D:1      | Lew the Minotaur Fighter began the quest for the Orb.
     0 | D:1      | Reached XP level 1. HP: 19/19 MP: 0/0
    94 | D:1      | Reached XP level 2. HP: 27/27 MP: 1/1
   532 | D:1      | You fall through a shaft!
   539 | D:2      | Reached skill level 1 in Dodging
   557 | D:2      | Reached XP level 3. HP: 33/33 MP: 2/2
   558 | D:2      | Noticed Robin
   575 | D:2      | Killed Robin
   854 | D:2      | Reached XP level 4. HP: 40/40 MP: 3/3
  1974 | D:3      | Found a deep blue altar of Sif Muna.
  2002 | D:3      | Reached XP level 5. HP: 27/47 MP: 4/4
  2303 | D:3      | Found a runed gate.
  2304 | D:3      | Found a runed gate.
  2304 | D:3      | Noticed HEYYEYAAE's ghost (amateur DgGl)
  2305 | D:3      | Found a runed gate.
  2306 | D:3      | Found a roughly hewn altar of Beogh.
  2352 | D:3      | Killed HEYYEYAAE's ghost
  2511 | D:4      | Found a staircase to the Ecumenical Temple.
  2511 | D:4      | Noticed Natasha
  2520 | Temple   | Entered the Ecumenical Temple
  2774 | Temple   | Became a worshipper of Warmaster Okawaru
  2807 | D:4      | Killed Natasha
  2807 | D:4      | Reached XP level 6. HP: 55/55 MP: 5/5
  2826 | D:4      | Noticed Sigmund
  2837 | D:4      | Killed Sigmund
  2837 | D:4      | Reached skill level 5 in Fighting
  2837 | D:4      | Reached skill level 5 in Armour
  2837 | D:4      | Reached skill level 5 in Shields
  3031 | D:4      | Found Arui's Jewellery Boutique.
  3040 | D:4      | Bought a +3 ring of strength for 157 gold pieces
  3084 | D:4      | Noticed Dowan
  3085 | D:4      | Noticed Duvessa
  3109 | D:4      | Killed Duvessa
  3109 | D:4      | Reached * piety under Okawaru
  3109 | D:4      | Reached XP level 7. HP: 46/61 MP: 6/6
  3118 | D:4      | Killed Dowan
  3263 | D:4      | Noticed Grinder
  3270 | D:4      | Killed Grinder
  3270 | D:4      | Reached skill level 5 in Polearms
  3275 | D:4      | Reached ** piety under Okawaru
  3287 | D:4      | Noticed Natasha
  3295 | D:4      | Killed Natasha
  3312 | D:4      | Found a glowing golden altar of the Shining One.
  3336 | D:4      | Noticed Natasha
  3340 | D:4      | Killed Natasha
  3340 | D:4      | Reached XP level 8. HP: 46/70 MP: 7/7
  3435 | D:5      | Entered Level 5 of the Dungeon
  3685 | D:5      | Reached skill level 5 in Dodging
  3743 | D:5      | Reached *** piety under Okawaru
  4652 | D:5      | Gained mutation: You evolve. [potion of mutation]
  4652 | D:5      | Gained mutation: Armour fits poorly on your strangely
                  | shaped body. [potion of mutation]
  4652 | D:5      | Gained mutation: You are partially covered in yellow
                  | scales. (AC +2) [potion of mutation]
  4652 | D:5      | Gained mutation: Your muscles are strong. (Str +2) [potion
                  | of mutation]
  5194 | D:6      | Found Kalegen's Distillery.
  5234 | D:6      | Found a shattered altar of Ashenzari.
  5278 | D:6      | Reached XP level 9. HP: 67/78 MP: 8/8
  5288 | D:6      | Gained mutation: You are frail. (-10% HP) [evolution]
  6098 | D:8      | Found a sand-covered staircase.
  6107 | Ossuary  | Entered an ossuary
  6479 | D:8      | Reached **** piety under Okawaru
  7413 | D:9      | Reached XP level 10. HP: 66/80 MP: 9/9
  8166 | D:10     | Entered Level 10 of the Dungeon
  8339 | D:10     | Got a jasper-encrusted chain mail
  8350 | D:10     | Identified the +5 chain mail "Bota" {rPois rN+++ Int-5
                  | Slay-4} (You found it on level 10 of the Dungeon)
  8350 | D:10     | Lost intelligence.
  8383 | D:10     | Reached ***** piety under Okawaru
  8408 | D:10     | Killed an unseen horror
  8718 | D:10     | Received a gift from Okawaru
  8739 | D:10     | Got a scorched morningstar {god gift}
  8740 | D:10     | Identified the +10 morningstar "Hebop" {elec, rN+ Str-4
                  | Dex+6 Stlth+} (Okawaru gifted it to you on level 10 of the
                  | Dungeon)
  8918 | D:11     | Noticed a cyclops
  9167 | D:11     | Killed a cyclops
  9223 | D:11     | Killed an unseen horror
  9567 | D:11     | Gained mutation: You tend to lose your temper in combat.
                  | [evolution]
  9607 | D:11     | Reached XP level 11. HP: 54/89 MP: 10/10
  9653 | D:11     | Found a staircase to the Orcish Mines.
  9744 | D:11     | Noticed Sonja
  9744 | D:11     | Noticed a white ugly thing
  9763 | D:11     | Killed a white ugly thing
  9763 | D:11     | Reached skill level 10 in Armour
  9763 | D:11     | Reached skill level 10 in Shields
  9768 | D:11     | Reached skill level 10 in Fighting
  9877 | D:11     | Received a gift from Okawaru
  9877 | D:11     | Reached skill level 10 in Polearms
  9989 | D:11     | Cast into level 2 of the Abyss (Sonja)
 10015 | Abyss:2  | Noticed a spatial maelstrom
 10026 | Abyss:2  | Slain by a spatial vortex

Skill      XL: |  1  2  3  4  5  6  7  8  9 10 11 |
---------------+----------------------------------+-----
Dodging        | 1 2 3 4 5 6 8 9 |  9.2
Shields        | 4 5 6 7 8 9 10 | 10.0
Fighting       | 4 5 6 7 8 9 10 | 10.0
Armour         | 4 5 6 7 8 9 10 | 10.0
Polearms       | 3 4 5 6 8 9 10 | 10.1

Action                   |  1- 3 |  4- 6 |  7- 9 | 10-12 || total
-------------------------+-------+-------+-------+-------++-------
Melee: Trident           |   100 |   111 |   375 |    68 ||   654
       Headbutt          |    13 |    10 |    87 |    49 ||   159
       Morningstar       |       |       |       |   129 ||   129
Evoke: Sack of spiders   |       |       |       |     2 ||     2
  Use: Scroll            |       |    12 |    16 |     5 ||    33
       Potion            |       |     4 |     6 |     5 ||    15
 Stab: Invisible         |       |       |     2 |     3 ||     5
       Distracted        |       |       |       |     1 ||     1
  Eat: Chunk             |       |     3 |     9 |     5 ||    17
       Ration            |       |     1 |     2 |     1 ||     4
Armor: Scale mail        |    30 |    20 |    40 |    57 ||   147
       Leather armour    |       |       |     9 |       ||     9
Dodge: Dodged            |    24 |    19 |   110 |   132 ||   285
       Deflected         |       |       |       |     8 ||     8
Block: Shield            |    38 |    29 |   173 |   136 ||   376
